Map: Zen LE

Players

mredic

  • Race: Protoss Protoss
  • League: Silver
  • Spawn Location: 7:00

antagomiR - Winner!

  • Race: Protoss Protoss
  • League: Gold
  • Spawn Location: 1:00

VOD

Have the link to the VOD?

Description

Time

  • Played on: April 15, 2020, 3:46 p.m.
  • Length: 6:51
Show
View Real Time Build Order
Export as new Build Order

mredic Protoss 

Build Orders: Cannon Rush 

Get SALT Encoding   

  12  0:02  Probe  
  13  0:21  Pylon  
  13  0:24  Probe (Chrono Boost)  
  14  0:34  Probe (Chrono Boost)  
  15  0:39  Probe (Chrono Boost)  
  16  0:46  Forge  
  16  0:50  Probe  
  17  1:02  Probe  
  18  1:04  Assimilator  
  18  1:21  Pylon  
  18  1:29  Assimilator  
  18  1:34  Gateway  
  18  1:38  Photon Cannon  
  18  1:46  Photon Cannon  
  18  1:52  Photon Cannon  
  18  2:01  Photon Cannon  
  18  2:16  Photon Cannon  
  18  2:25  Probe  
  19  2:37  Probe  
  19  2:42  Cybernetics Core  
  20  2:49  Probe  
  21  3:02  Probe, Protoss Shields Level 1  
  22  3:29  Photon Cannon  
  22  3:33  Photon Cannon  
  22  3:38  Pylon  
  22  3:47  Stalker  
  24  3:51  Probe  
  25  4:00  Robotics Facility  
  25  4:10  Photon Cannon  
  25  4:31  Sentry  
  27  4:57  Stalker  
  29  5:01  Shield Battery  
  29  5:10  Nexus  
  29  5:11  Photon Cannon  
  29  5:23  Observer  
  30  5:29  Pylon  
  30  5:32  Pylon  
  30  5:39  Pylon  
  30  6:05  Shield Battery  
  30  6:10  Photon Cannon  
  30  6:15  Photon Cannon  
  30  6:18  Photon Cannon  
Show
View Real Time Build Order
Export as new Build Order

antagomiR Protoss - Winner!

Build Orders: Blink Stalkers 

Get SALT Encoding   

  12  0:01  Probe  
  13  0:13  Probe  
  14  0:18  Pylon  
  14  0:25  Probe  
  15  0:40  Gateway  
  15  0:44  Probe  
  16  0:53  Assimilator  
  16  1:04  Probe  
  17  1:16  Probe (Chrono Boost)  
  18  1:23  Assimilator  
  19  1:27  Probe (Chrono Boost)  
  19  1:32  Probe (Chrono Boost)  
  19  1:37  Cybernetics Core  
  20  1:42  Probe  
  21  1:58  Gateway  
  21  2:03  Zealot (Chrono Boost)  
  22  2:20  Warp Gate (Chrono Boost)  
  22  2:32  Pylon  
  22  2:40  Twilight Council  
  22  2:43  Gateway  
  22  2:48  Gateway  
  22  2:51  Gateway  
  22  2:56  Probe  
  23  3:03  Pylon  
  23  3:05  Sentry  
  25  3:08  Probe  
  25  3:11  Stalker  
  28  3:14  Blink (Chrono Boost)  
  28  3:20  Probe  
  29  3:30  Pylon  
  29  3:34  Stalker  
  29  3:37  Probe  
  32  3:50  Probe  
  33  4:02  Probe  
  34  4:04  Stalker x2  
  38  4:14  Probe  
  39  4:19  Pylon  
  39  4:28  Pylon, Stalker  
  39  4:30  Stalker  
  43  4:41  Stalker  
  45  4:52  Stalker x2  
  49  5:00  Stalker  
  49  5:05  Stalker  
  53  5:13  Stalker  
  49  6:41  Stalker  
  49  6:42  Stalker x4  
Tags
 
Composition
Blink Stalkers
Matchup
PvP
Replay Pack
20200422
Spawn Locations
Cross Positions
Add a new tag
Caveats
  • Supply blocks, unpowered buildings, or Contaminate may cause inaccurate times.
  • Supply counts are checked every 10 seconds.